 Dungeon Crawl Stone Soup version 0.22.1-2-g9c5b331383 (webtiles) character file.

19 CInkIbrahim the Ducker (level 2, 0/14 HPs)
             Began as a Felid Berserker on Dec 17, 2018.
             Was a Follower of Trog.
             Slain by a kobold
             ... wielding a +0 whip
              (6 damage)
             ... on level 2 of the Dungeon.
             The game lasted 00:01:09 (849 turns).

CInkIbrahim the Ducker (Felid Berserker)             Turns: 849, Time: 00:01:09

Health: 0/14       AC:  1    Str: 13    XL:     2   Next: 55%
Magic:  3/3        EV: 19    Int:  8    God:    Trog [*.....]
Gold:   56         SH:  0    Dex: 15    Spells: 1/1 levels left
                                        Lives:  0   Deaths: 0

rFire    . . .     SeeInvis +     - Unarmed
rCold    . . .     Gourm    .   (shield unavailable)
rNeg     . . .     Faith    .   (armour unavailable)
rPois    .         Spirit   .   (helmet unavailable)
rElec    .         Reflect  .   (cloak unavailable)
rCorr    .         Harm     .   (gloves unavailable)
MR       .....                  (boots unavailable)
Stlth    ++........             c - amulet of rage
HPRegen  0.04/turn              (no ring)
MPRegen  0.08/turn              (no ring)

@: quick
A: very small, no armour, no weapons or thrown items, stealth, claws 1, fangs 3,
see invisible, carnivore, speed 1, shaggy fur 1, slow metabolism 1, sharp paws
a: Berserk, Renounce Religion, Evoke Berserk Rage


You were on level 2 of the Dungeon.
You worshipped Trog.
Trog was aware of your devotion.
You were not hungry.

You visited 1 branch of the dungeon, and saw 2 of its levels.

You collected 56 gold pieces.

Inventory:

Jewellery
 c - an amulet of rage (around neck)
Scrolls
 b - a scroll of immolation {unknown}
 d - 2 scrolls of teleportation {unknown}
 f - a scroll of fear {unknown}
 g - a scroll of identify {unknown}
 h - a scroll of blinking {unknown}
 i - a scroll of remove curse {unknown}
 j - a scroll of amnesia {unknown}
Potions
 e - 2 potions of brilliance {unknown}
 k - a potion of magic {unknown}
Comestibles
 a - a ration


   Skills:
 - Level 3.0 Fighting
 - Level 4.0 Dodging
 + Level 1.5 Stealth
 + Level 3.7 Unarmed Combat


You had one spell level left.
You didn't know any spells.
Your spell library was empty.

Dungeon Overview and Level Annotations

Branches:
Dungeon (2/15)

Altars:


Innate Abilities, Weirdness & Mutations

You cannot wear armour.
You are incapable of wielding weapons or throwing items.
Your paws allow you to move quietly. (Stealth)
You have sharp claws.
You have razor-sharp teeth.
You have supernaturally acute eyesight. (SInv)
You are carnivorous and can eat meat at any time.
You cover ground quickly.
You are covered in fur. (AC +1)
You have a slow metabolism.
Your sharp claws are effective at attacking unaware monsters.


Message History

The hobgoblin hits you but does no damage.
You see here a bat corpse.
You scratch the hobgoblin but do no damage.
The hobgoblin hits you.
You scratch the hobgoblin. You bite the hobgoblin.
The hobgoblin is heavily wounded.
The hobgoblin hits you.
You are too injured to fight recklessly!
You closely miss the hobgoblin.
The hobgoblin is moderately wounded.
The hobgoblin barely misses you.
You scratch the hobgoblin.
You kill the hobgoblin!
Trog accepts your kill.
You miss the kobold. The kobold hits you but does no damage.
You barely miss the kobold. The kobold misses you.
You scratch the kobold.
The kobold is severely wounded.
The kobold hits you with a whip.
You die...

...#.#..!..## #
.##.#.#...... ..
.....?#..#..#..#
..#.#.........
...?........#
#...$....##### #
#...........
#.#.#K...#####
#..<@........
.....##.#.........
... +..#.....####
. ####.#...#
#.....# ####..#
..# ..


You could see a kobold.

Vanquished Creatures
  2 dart slugs (D:1)
  A leopard gecko (D:1)
  3 bats
  4 hobgoblins
  3 frilled lizards (D:1)
  A kobold (D:1)
  A rat (D:1)
15 creatures vanquished.

Notes
Turn   | Place    | Note
-------+----------+-------------------------------------------
     0 | D:1      | CInkIbrahim the Felid Berserker began the quest for the
                  | Orb.
     0 | D:1      | Reached XP level 1. HP: 10/10 MP: 2/2
   405 | D:1      | Reached XP level 2. HP: 13/14 MP: 3/3
   472 | D:1      | Reached skill level 1 in Stealth
   849 | D:2      | Slain by a kobold

Skill      XL: |  1  2 |
---------------+-------+-----
Stealth        | 1 |  1.5
Fighting       | |  3.0
Dodging        | |  4.0
Unarmed Combat | |  3.7

Action                   || total
-------------------------++-------
Melee: Unarmed           ||    43
       Bite              ||     3
 Stab: Sleeping          ||     1
  Eat: Chunk             ||     2
Armor: Skin              ||     4
Dodge: Dodged            ||    26
